 Dungeon Crawl Stone Soup version 0.20.0 (webtiles) character file.

2196 SpeedrunTech the Cleaver (level 9, -1/83 HPs)
             Began as a Minotaur Berserker on June 11, 2017.
             Was a Priest of Trog.
             Slain by a two-headed ogre
             ... wielding a +0 dire flail
              (15 damage)
             ... on level 8 of the Dungeon.
             The game lasted 00:02:04 (2931 turns).

SpeedrunTech the Cleaver (Minotaur Berserker)       Turns: 2931, Time: 00:02:05

Health: -1/83      AC: 11    Str: 22    XL:     9   Next: 12%
Magic:  8/8        EV: 10    Int:  5    God:    Trog [***...]
Gold:   248        SH:  0    Dex: 12    Spells: 8/8 levels left

rFire    + + .     SeeInvis .   a - +0 hand axe
rCold    . . .     Gourm    .   (no shield)
rNeg     . . .     Faith    .   p - +2 scale mail {rF+}
rPois    .         Spirit   .   (helmet restricted)
rElec    .         Reflect  .   (no cloak)
rCorr    .         Harm     .   (no gloves)
MR       ++...                  (no boots)
Stlth    ..........             (no amulet)
Regen    1.3/turn               l - ring of protection from fire
MPRegen  0.2/turn               d - +3 ring of protection

@: berserk cooldown, regenerating, slowed, very slow
A: retaliatory headbutt, horns 2
a: Berserk, Trog's Hand, Burn Spellbooks, Renounce Religion


You were on level 8 of the Dungeon.
You worshipped Trog.
Trog was most pleased with you.
You were very hungry.

You visited 1 branch of the dungeon, and saw 8 of its levels.

You collected 248 gold pieces.

Inventory:

Hand Weapons
 a - a +0 hand axe (weapon)
 r - a +0 short sword
Armour
 p - a +2 scale mail of fire resistance (worn)
Jewellery
 d - a +3 ring of protection (right hand)
 l - a ring of protection from fire (left hand)
Wands
 u - a wand of lightning (7/15)
Scrolls
 b - a scroll of fear {unknown}
 f - 2 scrolls of enchant weapon
 i - 3 scrolls of remove curse
 n - 3 scrolls of recharging {unknown}
 q - a scroll of blinking {unknown}
 v - a scroll of fog {unknown}
Potions
 g - a potion of magic
 h - a potion of might {unknown}
 j - a potion of heal wounds {unknown}
 k - a potion of degeneration {unknown}
Comestibles
 c - 2 bread rations
 o - 3 meat rations
 s - a royal jelly
 t - 2 chunks of flesh


   Skills:
 + Level 9.1 Fighting
 * Level 12.1 Axes
 - Level 2.4 Armour
 - Level 2.1 Dodging


You had 8 spell levels left.
You didn't know any spells.

Dungeon Overview and Level Annotations

Branches:
Dungeon (8/15)             Temple (0/1) D:6
   Lair: D:8-11

Altars:
Okawaru
Xom
The Shining One


Innate Abilities, Weirdness & Mutations

You reflexively headbutt those who attack you in melee.
You have a pair of horns on your head.


Message History

The two-headed ogre misses you. The two-headed ogre barely misses you.
A shadow imp comes into view.
As you read the scroll labeled JIGOYL HYSERPH, it crumbles to dust.
You feel blessed for a moment.
It was a scroll of remove curse.
The two-headed ogre barely misses you. x2
Unknown command.
Okay, then.
It was a potion of curing.
You feel better.
The two-headed ogre hits you with a dire flail!
The two-headed ogre hits you with a dire flail.
The two-headed ogre hits you with a dire flail! x2
* * * LOW HITPOINT WARNING * * *
Unknown command.
It was a potion of magic.
Magic courses through your body. The shadow imp gestures at you.
You resist with almost no effort.
The two-headed ogre hits you with a dire flail.
* * * LOW HITPOINT WARNING * * *
The two-headed ogre hits you with a dire flail!
You die...

.......... ..
#....... ..####.....#
. ..........# #..
.....#...# #....
......††## .#..#.
..#.....###......
.##......)#.......
.......5.%@.......
......##..O......
.###............... .
...#..............
..#.##..........#...
#..##..............
##....)........... .
##..#..##.........
#.##.....#.#.........


You could see a two-headed ogre and a shadow imp.

Vanquished Creatures
  Maurice (D:8)
  Prince Ribbit (D:6)
  A wyvern (D:8)
  Menkaure (D:6)
  Edmund (D:6)
  An orc warrior (D:7)
  An ice beast (D:5)
  2 ogres
  A gnoll sergeant (D:7)
  2 scorpions (D:8)
  3 howler monkeys (D:8)
  A crimson imp (D:8)
  A centaur zombie (D:5)
  5 orc wizards
  3 bullfrog skeletons
  2 orc priests
  2 iguanas (D:6)
  Ijyb (D:3)
  3 worker ants
  A hound skeleton (D:7)
  7 gnolls
  2 adders
  A shadow imp (D:5)
  An adder zombie (D:5)
  A dart slug (D:2)
  A leopard gecko (D:1)
  11 orcs
  3 giant cockroaches
  4 goblins
  A hobgoblin (D:3)
  3 jackals (D:4)
  6 kobolds
  2 quokkas
  4 bats
  A frilled lizard (D:2)
  A giant cockroach zombie (D:6)
  2 rats
85 creatures vanquished.

Notes
Turn   | Place    | Note
-------+----------+-------------------------------------------
     0 | D:1      | SpeedrunTech the Minotaur Berserker began the quest for the Orb.
     0 | D:1      | Reached XP level 1. HP: 19/19 MP: 0/0
   109 | D:1      | Reached skill level 4 in Axes
   114 | D:1      | HP: 2/20 [kobold/short sword (4)]
   115 | D:1      | Reached XP level 2. HP: 3/27 MP: 1/1
  1033 | D:3      | Noticed Ijyb
  1046 | D:3      | Killed Ijyb
  1046 | D:3      | Reached skill level 5 in Axes
  1046 | D:3      | Reached XP level 3. HP: 33/33 MP: 2/2
  1052 | D:3      | Reached XP level 4. HP: 37/41 MP: 3/3
  1253 | D:3      | Reached ** piety under Trog
  1343 | D:4      | Reached skill level 6 in Axes
  1345 | D:4      | Reached XP level 5. HP: 47/47 MP: 4/4
  1352 | D:4      | Reached skill level 5 in Fighting
  1453 | D:5      | Entered Level 5 of the Dungeon
  1514 | D:5      | Reached skill level 7 in Axes
  1560 | D:5      | Reached XP level 6. HP: 46/56 MP: 5/5
  1730 | D:5      | Found a shimmering altar of Xom.
  1730 | D:5      | Noticed an ice beast
  1731 | D:5      | Found a glowing golden altar of the Shining One.
  1738 | D:5      | Killed an ice beast
  1786 | D:5      | Reached skill level 8 in Axes
  1815 | D:6      | Noticed Edmund
  1830 | D:6      | Killed Edmund
  1830 | D:6      | Reached XP level 7. HP: 64/64 MP: 6/6
  1887 | D:6      | Found a staircase to the Ecumenical Temple.
  1998 | D:6      | Noticed Menkaure
  2006 | D:6      | Killed Menkaure
  2006 | D:6      | Reached skill level 9 in Axes
  2043 | D:6      | Noticed Prince Ribbit
  2049 | D:6      | Killed Prince Ribbit
  2145 | D:6      | Reached skill level 10 in Axes
  2145 | D:6      | Reached XP level 8. HP: 45/73 MP: 7/7
  2582 | D:7      | Found an iron altar of Okawaru.
  2698 | D:7      | Reached *** piety under Trog
  2893 | D:8      | Reached skill level 11 in Axes
  2904 | D:8      | Noticed Maurice
  2922 | D:8      | Killed Maurice
  2922 | D:8      | Reached skill level 12 in Axes
  2922 | D:8      | Reached XP level 9. HP: 52/83 MP: 8/8
  2924 | D:8      | Noticed a two-headed ogre
  2931 | D:8      | Slain by a two-headed ogre

Skill      XL: |  1  2  3  4  5  6  7  8 |
---------------+-------------------------+-----
Axes           | 4 5 6 7 8 10 12 | 12.1
Fighting       | 4 5 6 7 9 |  9.1
Armour         | |  2.4
Dodging        | |  2.1

Action                   |  1- 3 |  4- 6 |  7- 9 || total
-------------------------+-------+-------+-------++-------
Melee: Hand axe          |    45 |   102 |   100 ||   247
       Headbutt          |     7 |    21 |    26 ||    54
Invok: Berserk           |     1 |     2 |     5 ||     8
       Trog's Hand       |       |       |     1 ||     1
  Use: Scroll            |       |       |     2 ||     2
       Potion            |       |       |     2 ||     2
  Eat: Chunk             |       |     5 |     4 ||     9
       Bread ration      |       |       |     1 ||     1
Armor: Animal skin       |    11 |       |       ||    11
       Chain mail        |    14 |       |       ||    14
       Scale mail        |       |    27 |    30 ||    57
Dodge: Dodged            |    38 |    53 |    52 ||   143
